 Dungeon Crawl Stone Soup version 0.31-a0-506-g3d79149578 (webtiles) character file.

Game seed: 1701552673903990956

423 Ethylacetat the Sneak (level 6, -2/43 HPs)
             Began as an Octopode Gladiator on Aug 9, 2023.
             Succumbed to a scorpion's poison
             ... on level 7 of the Dungeon.
             The game lasted 00:06:57 (3339 turns).

Ethylacetat the Sneak (Octopode Gladiator)          Turns: 3339, Time: 00:06:58

Health: -2/43      AC:  1    Str: 14    XL:     6   Next: 95%
Magic:  6/6        EV: 15    Int: 10    God:
Gold:   183        SH:  0    Dex: 15    Spells: 5/5 levels left

rFire   + . .        q - +6 spear (venom)
rCold   + . .        (no shield)
rNeg    + . .        b - +0 hat
rPois   +            (no amulet)
rElec   +            p - ring of positive energy
rCorr   +            (no ring)
SInv    .            (no ring)
Will    +....        (no ring)
Stlth   ++++         (no ring)
HPRegen 0.27/turn    (no ring)
MPRegen 0.10/turn    (no ring)
                     (no ring)

%: no passive effects
@: mighty, lethally poisoned (-2 -> -12), resistant, marked, attractive,
enlightened, flying, hasted, very quick
A: almost no armour, amphibious, 8 rings, camouflage 1, gelatinous body 1,
(nimble swimmer 1), tentacles
a: no special abilities


You were on level 7 of the Dungeon.
You visited 1 branch of the dungeon, and saw 7 of its levels.

You collected 183 gold pieces.

Inventory:

Hand Weapons
 q - a +6 spear of venom (weapon)
Missiles
 d - a javelin
Armour
 b - a +0 hat (worn)
Jewellery
 p - a ring of positive energy (left tentacle)
Scrolls
 a - a scroll of butterflies {unknown}
 e - 3 scrolls of teleportation {unknown}
 g - a scroll of enchant weapon {unknown}
 i - 6 scrolls of identify {unknown}
 j - a scroll of vulnerability {unknown}
 l - a scroll of torment {unknown}
 m - 2 scrolls of blinking {unknown}
 r - 2 scrolls of immolation {unknown}
Potions
 s - a potion of curing {unknown}


   Skills:
 + Level 4.1 Fighting
 - Level 3.0 Long Blades
 + Level 2.3 Polearms
 - Level 2.0 Throwing
 + Level 4.6 Dodging
 + Level 5.1 Stealth


You had 5 spell levels left.
You didn't know any spells.
Your spell library contained the following spells:

 Spells                   Type           Power      Damage    Failure   Level
 Ensorcelled Hibernation  Hex/Ice        0%         N/A       50%         2
 Anguish                  Hex/Necr       0%         N/A       98%         4


Dungeon Overview and Level Annotations

Branches:
Dungeon (8/15)
 Temple: D:4-7         Lair: D:8-11

Altars:
Yredelemnul
Zin

Annotations:
D:8 1 transporter, flinch's ghost, novice MfSh


Innate Abilities, Weirdness & Mutations

You cannot wear most types of armour.
You are amphibious.
You can wear up to eight rings at the same time.
Your skin changes colour to match your surroundings (Stealth+).
Your rubbery body absorbs attacks. (AC +1, EV +1)
((You are camouflaged when in or above water. (Stealth+)))
You have tentacles for arms and can constrict up to eight enemies at once.


Message History

The water moccasin barely misses you.
You barely miss the water moccasin. Your grab misses the water moccasin.
You feel very sick.
An orc comes into view. It is wielding a +0 trident.
The orc completely misses you. The water moccasin misses you.
It was a potion of enlightenment.
You feel very buoyant.
You fly up into the air.
You feel very sick. The water moccasin misses you. The orc closely misses you.
The orc completely misses you.
It was a potion of attraction.
You feel attractive to monsters.
You feel sick. The water moccasin closely misses you.
The orc closely misses you. The orc hits you with a +0 short sword.
The water moccasin bites you.
A scorpion comes into view.
You puncture the water moccasin!
The water moccasin is poisoned.
Your grab misses the water moccasin.
The water moccasin is moderately wounded.
You feel sick. The water moccasin closely misses you.
The orc closely misses you. The orc completely misses you.
The scorpion misses you.
It was a potion of resistance.
You feel protected.
You feel sick. The water moccasin bites you.
* * * LOW HITPOINT WARNING * * *
The orc completely misses you. The scorpion stings you.
* * * LOW HITPOINT WARNING * * *
You are more poisoned.
The scorpion poisons you! The water moccasin misses you.
It was a potion of might.
You feel very mighty all of a sudden.
* * * LOW HITPOINT WARNING * * *
You feel very sick. The bullfrog misses you. The scorpion closely misses you.
The orc closely misses you. The water moccasin barely misses you.
The bullfrog barely misses you.
It was a potion of haste.
You feel yourself speed up.
You die...

.........#
.........#
..o...o..# .#
.........# .#
#......##.#
#.....)o#.#
####..#o#.#
##.#F#.#
#.#@#.#
#ooSs.#####.
#####.........
#....()####...
...####..# ## .
... ##$#.$ ...
#.#.### ....
#.#.#...#
.....##...#.#.#


You could see a water moccasin (very poisoned), a bullfrog, a scorpion and 4
orcs.

Vanquished Creatures
  2 hounds
  A jelly (D:4)
  Jessica (D:3)
  2 orc wizards
  Robin (D:3)
  6 gnolls
  6 adders
  A white imp (D:5)
  A worm (D:4)
  A dart slug (D:4)
  17 orcs
  10 endoplasms
  2 giant cockroaches (D:1)
  12 goblins
  9 hobgoblins
  4 jackals (D:4)
  8 kobolds
  5 quokkas
  6 ball pythons
  4 bats
  7 frilled lizards
  3 rats
109 creatures vanquished.

Notes
Turn   | Place    | Note
-------+----------+-------------------------------------------
     0 | D:1      | Ethylacetat the Octopode Gladiator began the quest for the
                  | Orb.
     0 | D:1      | Reached XP level 1. HP: 14/14 MP: 1/1
    35 | D:1      | Found a faded altar of an unknown god.
   108 | D:1      | Reached skill level 1 in Stealth
   109 | D:1      | Reached XP level 2. HP: 12/19 MP: 2/2
   477 | D:1      | Reached skill level 2 in Stealth
   477 | D:1      | Reached XP level 3. HP: 21/25 MP: 3/3
   656 | D:2      | Found the +0 toga "Victory" {*Victory Clar}
   915 | D:2      | Found a glowing silver altar of Zin.
   938 | D:2      | Reached XP level 4. HP: 26/30 MP: 4/4
  1070 | D:2      | Reached skill level 3 in Stealth
  1537 | D:3      | Noticed Robin
  1548 | D:3      | Killed Robin
  1669 | D:3      | Noticed Jessica
  1677 | D:3      | Killed Jessica
  1678 | D:3      | Reached XP level 5. HP: 32/36 MP: 5/5
  2304 | D:4      | Reached skill level 1 in Polearms
  2346 | D:4      | Reached skill level 4 in Stealth
  2423 | D:4      | Reached XP level 6. HP: 23/43 MP: 6/6
  2864 | D:4      | Found a glowing silver altar of Zin.
  2903 | D:5      | Entered Level 5 of the Dungeon
  3004 | D:5      | Found a basalt altar of Yredelemnul.
  3183 | D:5      | You fall into a shaft and drop 3 floors!
  3184 | D:8      | Noticed an ice beast
  3184 | D:8      | Noticed a wyvern
  3184 | D:8      | Noticed a steam dragon
  3192 | D:8      | Found a transporter.
  3195 | D:8      | Noticed flinch's ghost (novice MfSh)
  3258 | D:7      | Reached skill level 5 in Stealth
  3326 | D:7      | Noticed a water moccasin
  3338 | D:7      | HP: 1/43 [poisoned by a scorpion]
  3339 | D:7      | Succumbed to a scorpion's poison

Illustrated notes

Levels and vault maps discovered:
D:1:      minmay_arrival_stone_box, layout_rooms,
          chequers_ecumenical_altar_simple
D:2:      layout_basic, basic_altar
D:3:      layout_basic, uniq_jessica, uniq_robin
D:4:      layout_basic, zin_scriptorium
D:5:      layout_loops_ring, mainiacjoe_overflow_tiny_flanked,
          minmay_temple_entry_fiery, kennysheep_dice
D:7:      layout_rooms, serial_shops, nicolae_lakefront_shop
D:8:      layout_rooms, gammafunk_ghost_smash

Skill      XL: |  1  2  3  4  5  6 |
---------------+-------------------+-----
Stealth        | 1 2 3 4 5 |  5.1
Fighting       | 3 4 |  4.1
Dodging        | 4 |  4.6
Polearms       | 1 2 |  2.3
Long Blades    | |  3.0
Throwing       | |  2.0

Action                     |  1- 3 |  4- 6 || total
---------------------------+-------+-------++-------
  Melee: Long sword        |    79 |    23 ||   102
         Tentacles         |    14 |    20 ||    34
         Constrict         |    15 |    30 ||    45
         Punch             |     1 |       ||     1
         Spear             |       |   110 ||   110
  Throw: Javelin           |       |     1 ||     1
         Throwing net      |       |     3 ||     3
    Use: Potion            |       |     5 ||     5
   Stab: Sleeping          |     8 |    25 ||    33
 Armour: Skin              |    11 |     2 ||    13
  Dodge: Dodged            |    61 |    61 ||   122

Table legend: (Time is in decaauts)
 A = Elapsed time spent in this place.
 B = Non-inter-level travel time spent in this place.
 C = Inter-level travel time spent in this place.
 D = Time resting spent in this place.
 E = Time spent auto-exploring this place.
 F = Levels seen in this place.
 G = Mean time per level.
                   A        B        C        D        E       F      G
               +--------+--------+--------+--------+--------+-----+--------+
         Total |   3365 |   3302 |     63 |      0 |   2674 |   7 |  480.7 |
       Dungeon |   3365 |   3302 |     63 |      0 |   2674 |   7 |  480.7 |
               +--------+--------+--------+--------+--------+-----+--------+

Top non-repeatable levels by time:
     D:2: 859 daAuts
     D:3: 816 daAuts
     D:4: 655 daAuts
     D:1: 599 daAuts
     D:5: 280 daAuts
     D:7: 126 daAuts
     D:8: 28 daAuts
